 Dungeon Crawl Stone Soup version 0.20.0-15-g7f486f2 (webtiles) character file.

167 vatarom the Skirmisher (level 5, -3/30 HPs)
             Began as a Vine Stalker Assassin on June 12, 2017.
             Killed from afar by an orc wizard (7 damage)
             ... with a magic dart
             ... on level 3 of the Dungeon.
             The game lasted 00:05:10 (2079 turns).

vatarom the Skirmisher (Vine Stalker Assassin)      Turns: 2079, Time: 00:05:11

Health: -3/30      AC:  6    Str: 13    XL:     5   Next: 48%
Magic:  0/6        EV: 11    Int: 11    God:
Gold:   105        SH:  0    Dex: 15    Spells: 4/4 levels left

rFire    . . .     SeeInvis .   s - +0 short sword (speed)
rCold    . . .     Gourm    .   (no shield)
rNeg     . . .     Faith    .   c - +0 robe
rPois    .         Spirit   +   m - +0 helmet
rElec    .         Reflect  .   d - +0 cloak
rCorr    .         Harm     .   j - +0 pair of gloves
MR       .....                  p - +0 pair of boots
Stlth    +++.......             (no amulet)
Regen    0.5/turn               n - -2 ring of dexterity
MPRegen  0.1/turn               (no ring)

@: about to teleport
A: fangs 2, regeneration 1, magic shield, antimagic bite, no potion heal 3, rot
immunity
a: no special abilities


You were on level 3 of the Dungeon.
You were not hungry.

You visited 1 branch of the dungeon, and saw 3 of its levels.

You collected 105 gold pieces.

Inventory:

Hand Weapons
 a - a +2 dagger
 b - a +0 blowgun
 s - a +0 short sword of speed (weapon)
Missiles
 e - 20 poisoned needles
 f - 2 curare-tipped needles
Armour
 c - a +0 robe (worn)
 d - a +0 cloak (worn)
 j - a +0 pair of gloves (worn)
 m - a +0 helmet (worn)
 p - a +0 pair of boots (worn)
Jewellery
 n - a -2 ring of dexterity (left hand)
Wands
 o - a wand of flame (13/48)
Scrolls
 k - 4 scrolls of identify
 t - a scroll of enchant weapon {unknown}
Potions
 r - 2 potions of curing
Comestibles
 g - 3 bread rations
 h - 17 chunks of flesh
 i - 3 royal jellies
 l - a meat ration


   Skills:
 + Level 5.0 Fighting
 - Level 1.7 Short Blades
 - Level 1.7 Throwing
 - Level 0.7 Dodging
 - Level 4.8 Stealth


You had 4 spell levels left.
You didn't know any spells.

Dungeon Overview and Level Annotations

Branches:
Dungeon (3/15)

Altars:


Innate Abilities, Weirdness & Mutations

You have extremely sharp teeth.
Your natural rate of healing is unusually fast.
When hurt, damage is shared between your health and your magic reserves.
Your bite disrupts and absorbs the magic of your enemies.
Potions cannot restore your health.
You are immune to rotting.


Message History

Unknown command.
You hit the orc.
The orc is severely wounded.
The orc closely misses you.
You hit the orc.
You kill the orc!
You hear some strange, mumbled words.
A puff of flame appears from out of thin air!
The puff of flame misses you. Something hits you but does no damage.
You see here a falchion.
You closely miss something. Something hits you.
* * * LOW HITPOINT WARNING * * *
Unknown command.
As you read the scroll of teleportation, it crumbles to dust.
You feel strangely unstable.
You hear some strange, mumbled words.
A magic dart appears from out of thin air!
The magic dart hits you!
You die...

#.#......#....... .
####.#......#..###.. ..
................... #.
#..#....#.........
#..###..#....#.#..###..
.#............#.#..###..
.......)................
#..###.####............
#@# #..###....... #{#
#............
......ool...............
.#..##..#####[..........
# #..# ........... ....
........... ##..# ...#
=...


You could see 2 orcs and a frilled lizard.

Vanquished Creatures
  An orc wizard (D:3)
  Robin (D:3)
  6 adders
  An ooze (D:1)
  2 leopard geckos
  An orc (D:3)
  5 giant cockroaches
  14 goblins
  11 hobgoblins
  2 kobolds
  9 bats
  2 frilled lizards (D:1)
  8 rats
63 creatures vanquished.

Notes
Turn   | Place    | Note
-------+----------+-------------------------------------------
     0 | D:1      | vatarom the Vine Stalker Assassin began the quest for the Orb.
     0 | D:1      | Reached XP level 1. HP: 11/11 MP: 2/2
     8 | D:1      | Reached skill level 2 in Fighting
    53 | D:1      | Reached XP level 2. HP: 15/16 MP: 3/3
   492 | D:1      | Reached skill level 3 in Fighting
   507 | D:1      | Reached XP level 3. HP: 20/20 MP: 4/4
  1452 | D:2      | Gained mutation: Your natural rate of healing is unusually fast. [Vine Stalker growth]
  1452 | D:2      | Reached XP level 4. HP: 21/25 MP: 3/5
  1676 | D:2      | Reached skill level 4 in Fighting
  1900 | D:3      | Noticed Robin
  1936 | D:3      | Reached XP level 5. HP: 19/30 MP: 4/6
  1965 | D:3      | Killed Robin
  2074 | D:3      | Reached skill level 5 in Fighting
  2079 | D:3      | Killed from afar by an orc wizard

Skill      XL: |  1  2  3  4  5 |
---------------+----------------+-----
Fighting       | 2 3 4 5 |  5.0
Short Blades   | |  1.7
Throwing       | |  1.7
Dodging        | |  0.7
Stealth        | |  4.8

Action                   |  1- 3 |  4- 6 || total
-------------------------+-------+-------++-------
Melee: Dagger            |    96 |    10 ||   106
       Bite              |    15 |    25 ||    40
       Short sword       |       |   101 ||   101
  Use: Scroll            |     5 |     4 ||     9
 Stab: Sleeping          |    10 |     4 ||    14
  Eat: Chunk             |     2 |     2 ||     4
Armor: Robe              |    39 |    24 ||    63
Dodge: Dodged            |    59 |    35 ||    94
